 Dungeon Crawl Stone Soup version 0.30-a0-721-ga6a225cb13 (webtiles) character file.

Game seed: 4110455937179679963

29 kae the Firebug (level 3, 0/26 HPs)
             Began as a Hill Orc Fire Elementalist on Jan 27, 2023.
             Slain by a quokka (1 damage)
             ... on level 2 of the Dungeon.
             The game lasted 00:02:06 (1296 turns).

kae the Firebug (Hill Orc Fire Elementalist)        Turns: 1296, Time: 00:02:06

Health: 0/26       AC:  2    Str: 10    XL:     3   Next: 16%
Magic:  4/5        EV: 12    Int: 17    God:
Gold:   22         SH:  0    Dex: 11    Spells: 2/5 levels left

rFire   . . .      SeeInvis .    e - +1 hand axe
rCold   . . .      Faith    .    (no shield)
rNeg    . . .      Spirit   .    a - +0 robe
rPois   .          Reflect  .    (no helmet)
rElec   .          Harm     .    (no cloak)
rCorr   .          Rampage  .    (no gloves)
Will    .....                    (no boots)
Stlth   ++                       (no amulet)
HPRegen 0.24/turn                (no ring)
MPRegen 0.09/turn                (no ring)

@: lethally poisoned (0 -> -3)
A: no striking features
a: no special abilities


You were on level 2 of the Dungeon.
You visited 1 branch of the dungeon, and saw 2 of its levels.

You collected 22 gold pieces.


   Skills:
 + Level 0.6 Axes
 - Level 1.5 Dodging
 - Level 1.5 Stealth
 + Level 1.8 Spellcasting
 * Level 1.9 Conjurations
 * Level 3.9 Fire Magic


You had 2 spell levels left.
You knew the following spells:

 Your Spells              Type           Power      Damage    Failure   Level
a - Foxfire               Conj/Fire      44%        2x1d6     6%          1
b - Scorch                Fire           28%        2d6       6%          2

Your spell library contained the following spells:

 Spells                   Type           Power      Damage    Failure   Level
 Lesser Beckoning         Tloc           2%         N/A       30%         2
 Inner Flame              Hex/Fire       8%         N/A       26%         3
 Kindle Blastsparks       Fire/Tloc/Air  10%        2d10      34%         3
 Gell's Gravitas          Tloc           1%         N/A       52%         3
 Teleport Other           Tloc           1%         N/A       52%         3
 Flame Wave               Conj/Fire      11%        2d6       52%         4

Inventory:

Hand Weapons
 e - a +1 hand axe (weapon)
   (You found it on level 1 of the Dungeon)
Missiles
 f - 4 stones
Armour
 a - a +0 robe (worn)
Potions
 d - 2 potions of degeneration {!q}
 h - a potion of invisibility

Dungeon Overview and Level Annotations

Branches:
Dungeon (2/15) Zot: 10701

Altars:

#... #..#
#..# #..#
#..# #..###
#....#
#######.#.#
#...r@†.#<#
....#######.#
# #.# #.# ...
#.# ..# ...


You could see a quokka.


Message History

Done exploring.
Unknown command.
Done exploring.
Done exploring.
(D) Dungeon
Where to? (Enter - D:1 @ (x,y), ? - help)
You see here a +0 club.
There is a stone staircase leading down here.
You climb downwards.
There is a stone staircase leading up here.
Okay, then.
Okay, then.
As you read the scroll labelled DIQUEM VUTE, it crumbles to dust.
It is a scroll of enchant weapon.
Your +0 hand axe glows red for a moment.
As you read the scroll labelled ICHEHI HAO, it crumbles to dust.
It is a scroll of identify.
d - 2 potions of degeneration
As you read the scroll labelled OSUFIL DIR, it crumbles to dust.
You hear a loud clanging noise!
It was a scroll of noise.
You hear an angry hiss. x2; You hear a shout! x2
Unknown command.
As you read the scroll of identify {@r1}, it crumbles to dust.
h - a potion of invisibility Unknown command.
A quokka comes into view.
A quokka is nearby!
Unknown command.
A quokka is nearby!
A quokka is nearby!
Casting: Scorch (safe; 6% risk of failure)
Confirm with . or Enter, or press ? or * to list all spells.
You conjure some foxfire!
The quokka closely misses you. The quokka bites you. 😕 HP[-2] MP[-1]
You take 2 damage, and now have 24/26 hp.
You lost 1 mp, and now have 4/5 mp.
You miss the quokka. The quokka bites you.
You hit the quokka. The quokka bites you.
An adder comes into view.
The foxfire hits the adder.
The quokka bites you. 😮 HP[-8]
You take 8 damage, and now have 16/26 hp.
MASSIVE DAMAGE!! (PAUSE)
There are monsters nearby!
You are too injured to fight recklessly!
You are too injured to fight recklessly!
Unknown command.
You barely miss the quokka. You miss the adder. The quokka bites you.
The adder completely misses you. 😮 HP[-1]
You take 1 damage, and now have 15/26 hp.
Casting: Foxfire (safe; 6% risk of failure)
Confirm with . or Enter, or press ? or * to list all spells.
Flames lash the quokka but do no damage.
The quokka bites you but does no damage.
The adder bites you.
* * * LOW HITPOINT WARNING * * *
The quokka barely misses you. The adder bites you but does no damage.
The quokka bites you.
* * * LOW HITPOINT WARNING * * *
The adder bites you.
* * * LOW HITPOINT WARNING * * *
😨 HP[-6] MP[-2]
You take 6 damage, and now have 9/26 hp.
MASSIVE DAMAGE!! (PAUSE)
You lost 2 mp, and now have 2/5 mp.
Casting: Scorch (safe; 6% risk of failure)
Confirm with . or Enter, or press ? or * to list all spells.
Flames lash the quokka.
The quokka's fire resistance burns away.
The quokka barely misses you. The adder bites you but does no damage.
The adder bites you.
* * * LOW HITPOINT WARNING * * *
The quokka barely misses you. 😨 HP[-1] MP[-2]
You take 1 damage, and now have 8/26 hp.
You lost 2 mp, and now have 0/5 mp.
Casting: Scorch (safe; 6% risk of failure)
Confirm with . or Enter, or press ? or * to list all spells.
You don't have enough magic to cast this spell.
Magic courses through your body. The adder bites you.
* * * LOW HITPOINT WARNING * * *
You are poisoned.
The adder poisons you! The quokka bites you.
* * * LOW HITPOINT WARNING * * *
The adder barely misses you. 😱 HP[-5] MP[+5]
You take 5 damage, and now have 3/26 hp.
Your mp is fully restored (5).
Casting: Scorch (safe; 6% risk of failure)
Confirm with . or Enter, or press ? or * to list all spells.
Flames lash the adder.
You kill the adder!
* * * LOW HITPOINT WARNING * * *
You feel sick.
The quokka is no longer more vulnerable to fire.
The quokka bites you.
You die...

Action                     || total
---------------------------++-------
  Melee: Unarmed           ||     6
         Hand axe          ||     7
   Cast: Foxfire           ||    42
         Scorch            ||     5
    Use: Scroll            ||     4
         Potion            ||     1
 Armour: Robe              ||     3
  Dodge: Dodged            ||    21

Levels and vault maps discovered:
D:1:      onia_arrival_mini_maze, layout_loops_ring, minmay_distorted
D:2:      layout_loops_ring, serial_shops, nicolae_shop_waterfront,
          minmay_3d_cube

Notes
Turn   | Place    | Note
-------+----------+-------------------------------------------
     0 | D:1      | kae the Hill Orc Fire Elementalist began the quest for the
                  | Orb.
     0 | D:1      | Reached XP level 1. HP: 14/14 MP: 3/3
     0 | D:1      | magus.rc [v1.11.3]
   219 | D:1      | Reached XP level 2. HP: 20/20 MP: 1/4
   458 | D:1      | You pick up a book of Displacement and begin reading...
   458 | D:1      | You add the spells Lesser Beckoning, Gell's Gravitas and
                  | Teleport Other to your library.
   685 | D:1      | Reached XP level 3. HP: 26/26 MP: 1/5
   688 | D:1      | Learned a level 2 spell: Scorch
  1295 | D:2      | HP: 6/26 [adder (2)]
  1296 | D:2      | HP: 1/26 [poisoned by an adder]
  1296 | D:2      | Slain by a quokka

Vanquished Creatures
  An adder (D:2)
  A dart slug (D:1)
  2 endoplasms (D:1)
  A giant cockroach (D:1)
  3 goblins (D:1)
  A hobgoblin (D:1)
  3 kobolds (D:1)
  2 quokkas (D:1)
  5 ball pythons (D:1)
  2 bats (D:1)
  3 frilled lizards (D:1)
  2 rats (D:1)
26 creatures vanquished.

Vanquished Creatures (others)
  55 foxfires
55 creatures vanquished.

Grand Total: 81 creatures vanquished

Table legend:
 A = Non-vault XP
 B = Vault XP
 C = Vault XP percentage of total XP
 D = Non-vault monster count
 E = Vault monster count
 F = Vault count percentage of total count
                 A         B        C        D         E       F
            +---------+---------+-------+---------+---------+-------
      Total |      53 |       2 |   3.6 |      24 |       2 |   7.7
            +---------+---------+-------+---------+---------+-------
        D:1 |      40 |       2 |   4.8 |      23 |       2 |   8.0
        D:2 |      13 |       0 |   0.0 |       1 |       0 |   0.0
            +---------+---------+-------+---------+---------+-------

Illustrated notes

Table legend:
 A = Kills in this place as a percentage of kills in entire the game.
 B = Kills by you in this place as a percentage of kills by you in the entire game.
 C = Kills by friends in this place as a percentage of kills by friends in the entire game.
 D = Other kills in this place as a percentage of other kills in the entire game.
 E = Experience gained in this place as a percentage of experience gained in the entire game.
 F = Experience gained in this place divided by the number of levels of this place that you have seen.
                   A       B       C       D       E      F
               +-------+-------+-------+-------+-------+----------------------
         Total | 100.0 | 100.0 |   N/A |   N/A | 100.0 |  27.5
       Dungeon | 100.0 | 100.0 |   N/A |   N/A | 100.0 |  27.5
               +-------+-------+-------+-------+-------+----------------------

Table legend: (Time is in decaauts)
 A = Elapsed time spent in this place.
 B = Non-inter-level travel time spent in this place.
 C = Inter-level travel time spent in this place.
 D = Time resting spent in this place.
 E = Time spent auto-exploring this place.
 F = Levels seen in this place.
 G = Mean time per level.
                   A        B        C        D        E       F      G
               +--------+--------+--------+--------+--------+-----+--------+
         Total |   1297 |   1204 |     93 |     17 |   1013 |   2 |  648.5 |
       Dungeon |   1297 |   1204 |     93 |     17 |   1013 |   2 |  648.5 |
               +--------+--------+--------+--------+--------+-----+--------+

Top non-repeatable levels by time:
     D:1: 1275 daAuts
     D:2: 21 daAuts
